 Dungeon Crawl Stone Soup version 0.22.1-1-ga44c0e5 (webtiles) character file.

101 Garbasso the Ruffian (level 4, -4/42 HPs)
             Began as an Ogre Transmuter on Oct 11, 2018.
             Killed from afar by Natasha (5 damage)
             ... with a magic dart
             ... on level 2 of the Dungeon.
             The game lasted 00:08:12 (2305 turns).

Garbasso the Ruffian (Ogre Transmuter)              Turns: 2305, Time: 00:08:13

Health: -4/42      AC:  3    Str: 14    XL:     4   Next: 75%
Magic:  2/7        EV: 10    Int: 14    God:
Gold:   101        SH:  0    Dex: 10    Spells: 1/7 levels left

rFire    . . .     SeeInvis .     - Unarmed
rCold    . . .     Gourm    .   (no shield)
rNeg     . . .     Faith    .   b - +0 robe
rPois    .         Spirit   .   (helmet restricted)
rElec    .         Reflect  .   (no cloak)
rCorr    .         Harm     .   (gloves unavailable)
MR       .....                  (boots unavailable)
Stlth    +.........             (no amulet)
HPRegen  0.14/turn              (no ring)
MPRegen  0.10/turn              (no ring)

@: appendage
A: large, unfitting armour, talons 3, tough skin 1
a: End Transformation


You were on level 2 of the Dungeon.
You were not hungry.
You had grown temporary talons.
You visited 1 branch of the dungeon, and saw 2 of its levels.

You collected 101 gold pieces.

Inventory:

Missiles
 a - 8 arrows
Armour
 b - a +0 robe (worn)
Scrolls
 c - a scroll of random uselessness {unknown}
 e - a scroll of enchant armour {unknown}
 f - 4 scrolls of identify {unknown}
 g - a scroll of blinking {unknown}
 i - 2 scrolls of magic mapping {unknown}
 j - a scroll of noise {unknown}
 k - a scroll of teleportation {unknown}
 l - a scroll of fear {unknown}
 m - a scroll of amnesia {unknown}
 o - a scroll of remove curse {unknown}
Potions
 h - a potion of brilliance {unknown}
 n - 2 potions of curing {unknown}
 p - a potion of haste {unknown}
Comestibles
 d - 3 rations


   Skills:
 + Level 2.3 Fighting
 + Level 2.2 Dodging
 * Level 3.3 Unarmed Combat
 - Level 2.4 Spellcasting
 - Level 3.0 Transmutations
 - Level 1.2 Poison Magic


You had one spell level left.
You knew the following spells:

 Your Spells              Type           Power        Failure   Level  Hunger
a - Beastly Appendage     Tmut           ##....       7%          1    #......
b - Sticks to Snakes      Tmut           ##......     10%         2    ###....
c - Spider Form           Tmut/Pois      #.........   28%         3    ###....

Your spell library contained the following spells:

 Spells                   Type           Power        Failure   Level  Hunger
 Ice Form                 Ice/Tmut       #.......     77%         4    #####..
 Blade Hands              Tmut           ##........   88%         5    ######.


Dungeon Overview and Level Annotations

Branches:
Dungeon (2/15)

Altars:

Annotations:
D:2 Natasha


Innate Abilities, Weirdness & Mutations

You are too large for most types of armour.
You have tough skin. (AC +1)
You have claws for feet.


Message History

Your ball python constricts the crimson imp.
You hit Natasha.
Natasha is severely wounded.
Your adder bites the crimson imp.
The crimson imp dies!
Natasha claws you.
* * * LOW HITPOINT WARNING * * *
You closely miss Natasha. You claw Natasha.
Natasha is almost dead.
Natasha drinks a potion.
Natasha is healed!
You hit Natasha. Your kick misses Natasha.
Natasha is moderately wounded.
Natasha claws you!
* * * LOW HITPOINT WARNING * * *
Unknown command.
You closely miss Natasha. You claw Natasha.
Natasha is heavily wounded.
Natasha casts a spell at you. The magic dart hits you!
You die...

#...##.....#.##...#.## #
#...##.<...#....)..#.## #
#...+....#.#........#.###
#...######.#.#.#.....#.##
..... #.#.#.#......#.#
#..... ##+#.#.#.......#.
#...... #...............#
......##................
.....5h@S.......##......
...<..##S.......#.#.....
..... +........##.....#
#### #........#.#.....
####+#+#.###..... .# .#
.. ..# ....


You could see Natasha, a shadow imp, a friendly adder and a friendly ball
python.

Vanquished Creatures
  Natasha (D:2)
  2 adders (D:2)
  2 dart slugs
  An orc (D:2)
  3 giant cockroaches
  6 goblins (D:1)
  5 hobgoblins
  7 jackals
  7 kobolds
  A quokka (D:2)
  A ball python (D:2)
  6 bats
  A frilled lizard (D:1)
  7 rats
50 creatures vanquished.

Vanquished Creatures (collateral kills)
  A goblin (D:2)
1 creature vanquished.

Grand Total: 51 creatures vanquished

Notes
Turn   | Place    | Note
-------+----------+-------------------------------------------
     0 | D:1      | Garbasso the Ogre Transmuter began the quest for the Orb.
     0 | D:1      | Reached XP level 1. HP: 19/19 MP: 3/3
    98 | D:1      | Reached XP level 2. HP: 24/28 MP: 3/5
   372 | D:1      | Learned a level 2 spell: Sticks to Snakes
   591 | D:1      | Reached XP level 3. HP: 18/35 MP: 6/6
   846 | D:1      | Learned a level 3 spell: Spider Form
  1569 | D:2      | Reached XP level 4. HP: 40/42 MP: 7/7
  1597 | D:2      | Noticed Natasha
  1608 | D:2      | Killed Natasha
  1608 | D:2      | Reached skill level 1 in Poison Magic
  2293 | D:2      | Noticed Natasha
  2304 | D:2      | HP: 1/42 [Natasha (9)]
  2305 | D:2      | Killed from afar by Natasha

Skill      XL: |  1  2  3  4 |
---------------+-------------+-----
Dodging        | 2 |  2.2
Unarmed Combat | 3 |  3.3
Fighting       | 2 |  2.3
Transmutations | 2 3 |  3.0
Poison Magic   | 1 |  1.2
Spellcasting   | |  2.4

Action                   |  1- 3 |  4- 6 || total
-------------------------+-------+-------++-------
Melee: Unarmed           |   133 |    40 ||   173
       Kick              |     4 |     2 ||     6
       Headbutt          |     5 |     1 ||     6
       Punch             |     2 |       ||     2
 Cast: Beastly Appendage |     9 |     3 ||    12
       Sticks to Snakes  |     2 |     2 ||     4
       Spider Form       |       |     1 ||     1
 Stab: Distracted        |     1 |       ||     1
  Eat: Chunk             |     2 |     1 ||     3
       Ration            |       |     1 ||     1
Armor: Robe              |    48 |     8 ||    56
Dodge: Dodged            |    75 |    16 ||    91
